Cogmind - Beta 15 @@@ ROGUE MODE // 2025.06.19 @ 10:57:28 Player: Storm Mk9 Result: Self-destructed Performance ------------- Evolutions (2) 1000 Regions Visited (4) 800 Robots Destroyed (103) 515 Value Destroyed (3977) 3977 Prototype IDs (19) 380 Alien Tech Used (0) 0 Bonus (889) 889 TOTAL SCORE: 7561 Bonus ------- High Alert Combat Kills 889 Cogmind --------- Core Integrity 82/550 Matter 300/300 Energy 160/160 System Corruption 0% Temperature Cool (0) Movement Hovering (46) Location -8/Storage Parts ------- > --- POWER (1) -------- Light Nuclear Core > --- PROPULSION (2) --- Aerolev Unit Aerolev Unit > --- UTILITY (5) ------ Advanced Heat Sink Targeting Computer Core Shielding > --- WEAPON (3) ------- Heavy Particle Gun Enhanced Autogun Heavy Flail > --- INVENTORY (5) ---- Light Treads Light Treads Enhanced Autogun Enhanced Autogun Missile Launcher Peak State ------------ > --- POWER ------------ Light Nuclear Core > --- PROPULSION ------- Light Treads Light Treads > --- UTILITY ---------- Advanced Heat Sink High-capacity Storage Unit Targeting Computer Core Shielding Hardened Light Armor Plating > --- WEAPON ----------- Heavy Particle Gun Enhanced Autogun Enhanced Autogun > --- INVENTORY -------- Improved Ion Engine Deuterium Engine Deuterium Engine Light Deuterium Engine Light Nuclear Core Light Angular Momentum Engine Light Treads Improved Heat Sink Reflective Plating Particle Gun Improved Medium Laser Heavy Particle Gun Advanced Beam Rifle Enhanced Autogun Enhanced Autogun Enhanced Autogun Enhanced Autogun Heavy Battle Rifle Missile Launcher Heavy Flail [Rating: 33] Favorites ----------- Power Cooled Ion Engine Engine Cooled Ion Engine Power Core Light Nuclear Core Propulsion Light Treads Treads Light Treads Hover Unit Aerolev Unit Utility Improved Heat Sink Device Improved Heat Sink Storage High-capacity Storage Unit Processor Targeting Computer Protection Core Shielding Weapon Improved Assault Rifle Energy Gun Heavy Particle Gun Ballistic Gun Improved Assault Rifle Launcher Missile Launcher Impact Weapon Heavy Flail Build | -11 -10 -10 -8 -8 ------- Run | Yrd Mat Sub Mat Sto Slots Evolved 4 | . . . 4 . Power . | . . . . . Propulsion . | . . . . . Utility 3 | . . . 3 . Weapon 1 | . . . 1 . Parts Attached 58 | 8 . . 7 43 Power 6 | 1 . . 1 4 Engine 4 | 1 . . 1 2 Core 2 | . . . . 2 Reactor . | . . . . . Propulsion 13 | 2 . . . 11 Treads 11 | 2 . . . 9 Leg . | . . . . . Wheel . | . . . . . Hover 2 | . . . . 2 Flight . | . . . . . Utility 17 | 2 . . 4 11 Device 6 | 1 . . 1 4 Storage 2 | 1 . . 1 . Processor 1 | . . . 1 . Hackware . | . . . . . Protection 8 | . . . 1 7 Artifact . | . . . . . Weapon 22 | 3 . . 2 17 Energy Gun 9 | 1 . . 1 7 Energy Cannon . | . . . . . Ballistic Gun 8 | 2 . . 1 5 Ballistic Cannon . | . . . . . Launcher 2 | . . . . 2 Special Weapon . | . . . . . Impact Weapon 3 | . . . . 3 Slashing Weapon . | . . . . . Piercing Weapon . | . . . . . Special Melee Weapon . | . . . . . Unidentified Prototypes 9 | . . . 1 8 Parts Lost 24 | . . . . 24 Power 2 | . . . . 2 Propulsion 5 | . . . . 5 Utility 10 | . . . . 10 Weapon 7 | . . . . 7 Highest Loss Streak 6 | . . . . 6 To Critical Strikes . | . . . . . Average Backups 14 | 2 4 5 9 17 Power 4 | . 1 1 2 5 Propulsion . | . . . . 1 Utility . | . . . . . Weapon 8 | 1 3 4 7 10 Tool/Special . | . . . . . Unused Backups 14 | . . . 1 13 Power 5 | . . . . 5 Propulsion . | . . . . . Utility . | . . . . . Weapon 9 | . . . 1 8 Tool/Special . | . . . . . Average Slot Usage (%) 96 | . 100 100 89 97 Engine 7 | . 14 14 9 5 Core 2 | . . . . 3 Treads 18 | . 28 28 18 17 Device 13 | . 14 14 15 12 Storage 9 | . 14 14 9 8 Processor 7 | . . . 4 9 Protection 10 | . . . 7 13 Energy Gun 11 | . 14 14 9 11 Ballistic Gun 14 | . 14 14 17 14 Peak Build Rating 33 | 7 7 7 23 33 Average Rating 23 | 5 7 7 16 28 On Entrance 8 | . 7 7 7 23 Naked Turns . | . . . . . Heaviest Build 69 | 12 12 12 59 69 Greatest Support 40 | 40 40 40 40 40 Greatest Overweight (x) 3 | . . . 1 3 Average Overweight (x) . | . . . . . Largest Inventory Capacity 20 | 8 8 8 20 20 Average Capacity 17 | 7 8 8 18 19 Most Carried 20 | 4 5 6 16 20 Average Carried 14 | 2 4 5 9 17 Final Capacity 20 | 8 8 8 20 5 Final Carried 16 | 2 5 6 16 5 Class Distribution -------------------- 31% | Scavenger-Gunner 28% | Scavenger-Tank 15% | Mutant 11% | Gunner 7% | Scavenger-Mutant 4% | Tank Dominant Class ---------------- Mutant | -10/Materials Mutant | -10/Subcaves Gunner | -8/Materials Scavenger-Gunner | -8/Storage Resources | -11 -10 -10 -8 -8 ----------- Run | Yrd Mat Sub Mat Sto Matter Collected 2078 | 217 37 65 239 1520 Remotely . | . . . . . Salvage Created 4748 | 26 37 53 557 4075 Parts 253 | 8 9 6 30 200 Haulers Intercepted 5 | . . . . 5 Recyclers Shooed 2 | . . . . 2 Parts Field Recycled . | . . . . . Retrieved Matter . | . . . . . Parts Self-Destructed 11 | . . 11 . . Prevented . | . . . . . Kills | -11 -10 -10 -8 -8 ------- Run | Yrd Mat Sub Mat Sto Combat Hostiles Destroyed 88 | . 3 1 11 73 Guns 85 | . 3 1 11 70 AOE 3 | . . . . 3 Classes Destroyed 13 | 1 1 1 4 6 Worker 2 | . . . . 2 Builder 2 | . . . . 2 Tunneler 2 | 2 . . . . Hauler 5 | . . . . 5 Recycler 4 | . . . . 4 Swarmer 7 | . 3 . . 4 Grunt 55 | . . . 7 48 Brawler 2 | . . . . 2 Duelist 7 | . . . 1 6 Protector 1 | . . . . 1 Sentry 14 | . . . 2 12 Hunter 1 | . . . 1 . Subdweller 1 | . . 1 . . Best Kill Streak 8 | 2 3 1 3 8 Combat Bots Only 5 | . 3 1 3 5 Max Kills in Single Turn 3 | 1 1 1 1 3 Gunslinging 1 | . . . . 1 Exploded 1 | . . . . 1 Melee . | . . . . . Uniques/NPCs Destroyed . | . . . . . Combat | -11 -10 -10 -8 -8 -------- Run | Yrd Mat Sub Mat Sto Hostile Shots Fired 347 | . 14 1 46 286 Missed 88 | . 5 1 14 68 Hits 259 | . 9 . 32 218 Melee 12 | . . . . 12 Projectile 247 | . 9 . 32 206 Critical Strikes 9 | . . . 1 8 Damage Taken 4137 | . 71 . 417 3649 Core 487 | . 19 . 55 413 Absorbed by Shields . | . . . . . Redirected to Shielding 17 | . . . . 17 Ignored by Resistances 90 | . . . 54 36 Core Remaining (%) 96 | 100 . 92 . . Volleys Fired 234 | 7 4 2 28 193 Largest 3 | 2 2 2 3 3 Hottest 149 | 60 60 60 108 149 Shots Fired 663 | 14 8 4 84 553 Gun 659 | 14 8 4 84 549 Cannon . | . . . . . Launcher 4 | . . . . 4 Special . | . . . . . Kinetic 372 | 7 4 2 56 303 Thermal 287 | 7 4 2 28 246 Explosive 4 | . . . . 4 Electromagnetic . | . . . . . Robot Hit Streak 37 | 2 5 6 13 37 Robot Miss Streak 4 | 3 1 . 1 4 Penetration Max . | . . . . . Secondary Targets 8 | . 1 . . 7 Max Gunslinging Chain 1 | . 1 . . 1 Shots Hit Robots 478 | 5 6 3 63 401 Core Hits 201 | 2 3 2 27 167 Critical Kills . | . . . . . Critical Parts Destroyed 3 | . . . . 3 Critical Strikes 18 | . . . 2 16 Burn 15 | . . . 2 13 Destroy 2 | . . . . 2 Smash 1 | . . . . 1 Melee Attacks 54 | . . . . 54 Impact 54 | . . . . 54 Slashing . | . . . . . Piercing . | . . . . . Sneak Attacks 2 | . . . . 2 Combat Hostiles . | . . . . . Follow-up Attacks . | . . . . . Damage Inflicted 9339 | 78 75 37 936 8213 Guns 8438 | 78 75 37 936 7312 Cannons . | . . . . . Explosions 730 | . . . . 730 Melee 158 | . . . . 158 Ramming 13 | . . . . 13 Kinetic 4337 | 10 30 15 578 3704 Thermal 4101 | 68 45 22 358 3608 Explosive 730 | . . . . 730 Electromagnetic . | . . . . . Impact 158 | . . . . 158 Slashing . | . . . . . Piercing . | . . . . . Highest Corruption . | . . . . . Average Corruption . | . . . . . Corruption Purged . | . . . . . Corruption Blocked . | . . . . . Overload Shots . | . . . . . Overflow Damage 73 | . . . . 73 Projectiles . | . . . . . Explosions 11 | . . . . 11 Melee 62 | . . . . 62 Knockbacks . | . . . . . Impact . | . . . . . Kinetic . | . . . . . Secondary . | . . . . . Self-Inflicted Damage 84 | . . . . 84 Shots 2 | . . . . 2 Rammed 2 | . . . . 2 Targets Rammed 2 | . . . . 2 Kicked . | . . . . . Crushed . | . . . . . Highest Temperature 394 | . . . 27 394 Average Temperature 69 | . . . 15 75 Received Heat Transfer 1935 | . . . 261 1674 Effects 4 | . . . . 4 Energy Bleed 1 | . . . . 1 Interference 3 | . . . . 3 Siege Activations . | . . . . . Martial Activations . | . . . . . Shielding Activations . | . . . . . Robots Disrupted . | . . . . . Combat Hostiles . | . . . . . Robots Corrupted . | . . . . . Combat Hostiles . | . . . . . Parts Fried 2 | . . . . 2 Impact Corruptions 2 | . . . . 2 Robots Melted . | . . . . . Combat Hostiles . | . . . . . Parts Melted 13 | . . . 2 11 Heat Transferred 8961 | 150 100 50 975 7686 Parts Sabotaged . | . . . . . Parts Stolen . | . . . . . Parts Stripped . | . . . . . Power Chain Reactions . | . . . . . Alert | -11 -10 -10 -8 -8 ------- Run | Yrd Mat Sub Mat Sto Maximum Alert Level 4 | . . . . 4 Low Security (%) 45 | 100 100 . 100 28 Level 1 8 | . . . . 10 Level 2 11 | . . . . 15 Level 3 22 | . . . . 29 Level 4 12 | . . . . 16 Level 5 . | . . . . . High Security . | . . . . . Max Security . | . . . . . Peak Influence 1459 | 10 70 . 168 1459 Initial 60 | . . . . 60 Average 514 | . 14 . 64 667 Influence Increases 2866 | 10 90 . 384 2382 Destroy 0b10 Robot/C 1720 | . 60 . 220 1440 Destroy 0b10 Robot/NC 80 | 10 . . . 70 Destroy Leader 360 | . 10 . 50 300 Successful Hack 76 | . 20 . 51 5 Disable Machine 135 | . . . . 135 Destroy Structure 45 | . . . 3 42 Lose Combat Pursuer 450 | . . . 60 390 Influence Decreases 1407 | 10 90 . 240 1067 Entered New Map 84 | . . . . 84 Time Decay 1103 | 10 90 . 240 763 Lost Part 220 | . . . . 220 Squads Dispatched 14 | . . . 1 13 Investigation 3 | . . . . 3 Extermination . | . . . . . Reinforcement 4 | . . . 1 3 Assault 6 | . . . . 6 Garrison 1 | . . . . 1 Intercept . | . . . . . Searches Triggered . | . . . . . Construction Impeded 1 | . . . . 1 Haulers Reinforced . | . . . . . Active Scanning Responses . | . . . . . Cargo Convoy Interrupts . | . . . . . Stealth | -11 -10 -10 -8 -8 --------- Run | Yrd Mat Sub Mat Sto Distress Signals 11 | . . . 3 8 Communications Jammed . | . . . . . Distress Signals . | . . . . . Times Spotted 140 | . 4 1 16 119 Peak Tracking Total 5 | . 4 . 4 5 Tactical Retreats 23 | . . . 2 21 Traps | -11 -10 -10 -8 -8 ------- Run | Yrd Mat Sub Mat Sto Traps Triggered 3 | . . . . 3 Indirectly . | . . . . . Trap Hack Attempts . | . . . . . Triggered . | . . . . . Disarmed . | . . . . . Reprogrammed . | . . . . . Reused . | . . . . . Traps Extracted . | . . . . . Installed . | . . . . . Triggered . | . . . . . Machines | -11 -10 -10 -8 -8 ---------- Run | Yrd Mat Sub Mat Sto Machines Disabled 9 | . . . . 9 Max in Single Turn 2 | . . . . 2 Garrison Access 1 | . . . . 1 Machines Repaired . | . . . . . Machines Dismantled . | . . . . . Machines Sabotaged . | . . . . . Overloaded Fab Kills . | . . . . . Hacking | -11 -10 -10 -8 -8 --------- Run | Yrd Mat Sub Mat Sto Machines Accessed 19 | . 2 . 5 12 Terminals 15 | . 2 . 4 9 Fabricators . | . . . . . Repair Stations . | . . . . . Recycling Units 2 | . . . . 2 Scanalyzers . | . . . . . Garrison Access 2 | . . . 1 1 Total Hacks 46 | . 3 . 17 26 Successful 19 | . 2 . 9 8 Failed 26 | . . . 8 18 Catastrophic 4 | . . . 3 1 Database Lockouts 1 | . 1 . . . Manual 25 | . 2 . 14 9 Terminals 40 | . 3 . 15 22 Fabricators . | . . . . . Repair Stations . | . . . . . Recycling Units 3 | . . . . 3 Scanalyzers . | . . . . . Garrison Access 3 | . . . 2 1 Terminal Hacks 12 | . 2 . 6 4 Robot Analysis 3 | . 1 . 2 . Prototype ID Bank 6 | . . . 3 3 Open Door 1 | . . . . 1 Branch Access Points 1 | . . . 1 . Locate Traps 1 | . 1 . . . Fabricator Hacks . | . . . . . Repair Station Hacks . | . . . . . Recycling Unit Hacks 1 | . . . . 1 Retrieve Components 1 | . . . . 1 Scanalyzer . | . . . . . Garrison Access Hacks 1 | . . . . 1 Seal Access 1 | . . . . 1 Unauthorized Hacks 5 | . . . 3 2 Terminals 5 | . . . 3 2 Botnet 5 | . . . 3 2 Fabricators . | . . . . . Repair Stations . | . . . . . Recycling Units . | . . . . . Scanalyzers . | . . . . . Garrison Access . | . . . . . Data Cores Recovered . | . . . . . Used . | . . . . . Hacking Detections 16 | . 2 . 5 9 Full Trace Events 4 | . . . 1 3 Feedback Events . | . . . . . Feedback Blocked . | . . . . . Robot Schematics Acquired . | . . . . . Robots Built . | . . . . . Authchips . | . . . . . Time . | . . . . . Total Robot Build Rating . | . . . . . Part Schematics Acquired . | . . . . . Parts Built . | . . . . . Authchips . | . . . . . Time . | . . . . . Total Part Build Rating . | . . . . . Parts Repaired . | . . . . . Time . | . . . . . Parts Recycled . | . . . . . Recycled Matter . | . . . . . Retrieved Matter . | . . . . . Retrieved Components 9 | . . . . 9 Parts Scanalyzed . | . . . . . Part Schematics Acquired . | . . . . . Parts Damaged . | . . . . . Bothacking | -11 -10 -10 -8 -8 ------------ Run | Yrd Mat Sub Mat Sto Used RIF Installer . | . . . . . Robots Hacked . | . . . . . Non-combat . | . . . . . Combat . | . . . . . Robot Hacks Applied . | . . . . . Relay Couplers Released . | . . . . . Fabnet Peak Effective % . | . . . . . Robots Rewired . | . . . . . Allies Hacked . | . . . . . Hacks Repelled . | . . . . . Allies | -11 -10 -10 -8 -8 -------- Run | Yrd Mat Sub Mat Sto Total Allies . | . . . . . Largest Group . | . . . . . Highest-Rated Group . | . . . . . Highest-Rated Ally . | . . . . . Total Orders . | . . . . . Ally Attacks . | . . . . . Total Damage . | . . . . . Kills . | . . . . . Allies Corrupted . | . . . . . Allies Melted . | . . . . . Intel | -11 -10 -10 -8 -8 ------- Run | Yrd Mat Sub Mat Sto Active Infowar (turns) 2367 | 4 435 505 1101 322 Seismic 2367 | 4 435 505 1101 322 Robot Analysis Total 3 | . 1 . 2 . Derelict Logs Recovered . | . . . . . Drone Launches . | . . . . . Drone Recoveries . | . . . . . Exploration | -11 -10 -10 -8 -8 ------------- Run | Yrd Mat Sub Mat Sto Turns Passed 7198 | 120 435 505 1101 5037 Spaces Moved 2725 | 60 157 307 423 1778 Core 12 | 12 . . . . Treads 2436 | 48 157 307 423 1501 Legs . | . . . . . Wheels . | . . . . . Hover 277 | . . . . 277 Flight . | . . . . . Fastest Speed 46 | 50 160 160 160 46 Average Speed 202 | 138 160 160 229 209 Slowest Speed 400 | 160 160 160 240 400 Overloaded Moves . | . . . . . Propulsion Burnouts . | . . . . . Robots Hopped . | . . . . . Potential Cave-ins . | . . . . . Cave-ins Triggered . | . . . . . Exploration Rate (%) 37 | 6 28 18 38 96 Regions Visited 4 Branch Regions 2 Pre-discovered Areas . | . . . . . Known Exits Taken 1 | . . . 1 . Unknown Exits Taken 3 | 1 1 1 . . Scrap Searched 2 | . . 2 . . Spaces Dug 5 | . . . . 5 Terrain Destroyed 25 | . . . . 25 Melee 5 | . . . . 5 Projectile . | . . . . . AOE 20 | . . . . 20 Terrain Rammed . | . . . . . Walls Destroyed . | . . . . . Machines Disabled . | . . . . . Actions | -11 -10 -10 -8 -8 --------- Run | Yrd Mat Sub Mat Sto Total 3851 | 83 333 317 493 2625 Wait 680 | . 170 8 15 487 Move 2721 | 59 156 306 422 1778 Hop . | . . . . . Pick Up 64 | 9 3 1 17 34 Fast Attach 4 | . . . . 4 Attach 37 | 7 . . 5 25 Detach 2 | . . . . 2 Swap 30 | 1 . . 3 26 Drop 23 | . . . 3 20 Fire 234 | 7 4 2 28 193 Melee 54 | . . . . 54 Ram . | . . . . . Kick . | . . . . . Crush 2 | . . . . 2 Escape Stasis . | . . . . . Rewire . | . . . . . Trap . | . . . . . Miscellaneous . | . . . . . Route ------- -11/Scrapyard -10/Materials (discovered 2 exits: [*Mat] / [*Sub]) -10/Subcaves -8/Materials (discovered 2 exits: [*Fac] / *Sto) -8/Storage (discovered 1 exit: [*Fac]) History --------- Turn | Location | Event 20 | -11/Scrapyard | Discovered new exit (range 16) 121 | -11/Scrapyard | Entered Materials 185 | -10/Materials | Central database locked down 265 | -10/Materials | Discovered new exit (range 5) 309 | -10/Materials | Build established: Mutant 534 | -10/Materials | Discovered new exit (range 6) 556 | -10/Materials | Entered Subcaves 557 | -10/Subcaves | Approached by a straggling Scientist 1042 | -10/Subcaves | Discovered new exit (range 12) 1061 | -10/Subcaves | Entered Materials 1061 | -8/Materials | Evolved 4 slots: Utility x3, Weapon x1 1563 | -8/Materials | Build established: Tank 1849 | -8/Materials | Identified exit to Storage 1906 | -8/Materials | Build established: Gunner 1934 | -8/Materials | Discovered new exit (range 16) 2162 | -8/Materials | Entered Storage 2553 | -8/Storage | Lost 6 parts (1n4u1w) 2628 | -8/Storage | Build established: Scavenger-Gunner 2882 | -8/Storage | Discovered new exit (range 5) 4129 | -8/Storage | Core integrity fell below 50% 4437 | -8/Storage | Garrison activated, responded to threat 4562 | -8/Storage | First assault squad dispatched 5505 | -8/Storage | Build established: Scavenger-Tank 6374 | -8/Storage | Core integrity fell below 20% 6674 | -8/Storage | Lost 3 parts (1p1n1w) 7105 | -8/Storage | Build established: Scavenger-Mutant 7199 | -8/Storage | Self-destructed Last Messages --------------- 06946_ Identified Aerolev Unit. 06949_ Dropped Deuterium Engine. 06951_ Acquired Aerolev Unit. 06956_ Acquired 30 matter. 06962_ ALERT: Unidentified disturbance in Zone 7K, assault force dispatched. 06989_ Dropped Reflective Plating. 07080_ Sneak attack on R-06 Scavenger. 07080_ R-06 Scavenger destroyed. 07157_ R-06 Scavenger collects Com. Wheel. 07180_ Sneak attack on R-06 Scavenger. 07180_ R-06 Scavenger suffers critical hit (Smash). 07180_ Destroyed Com. Wheel. 07180_ Destroyed Tractor Beam. 07180_ R-06 Scavenger system corrupted by crushing effect. 07180_ Com. Wheel fried. 07180_ Lgt. Ion Engine fried. 07180_ R-06 Scavenger destroyed. Map ----- +----------------------------------------------------+ | | | | | | | | | | | | | | | ?????????????????????????????????????????? | | ?????????????????????????????????????????? | | ##?#?????????????????????????????????????? | | #??????########???????????????????????? | | "" #?????? #???????????????????????? | | R" #????? #???????????????????????? | | "" #???# """ """ #???????????????????????? | | #???# """ """ #???????????????????????? | | #???# """ """ #?######????????????????? | | #??## """ """ ### ## #????????????????? | | #??# """ """ #]] ###????????????????? | | ######?# #]] ##?????????????????? | | ### #######+###+# ##?????????????????? | | + #????###???????????? | | % ^ # ##"""""#???????????? | | " % % # "### ###???????????? | | ^ ^""" " # T"## ###???????????? | | " "" # ""### ##########????? | | ^"" # ###@%# ##???? | | ^ % ########=|+ #???? | | % =!%%* # [[##???? | | """ % [! # [ #????? | | """ "" ######+##### #????? | | """ "" # % #?# [ #????? | | # #?# ![*#????? | | # #?# [ #????? | | # #?# #????? | | ############ # #?##########????? | | # #?# # % #???????????????? | | # """ #?# # #?????########??? | | # """ #?# # #?????#/ #??? | | %+ """ #?# # % #?????#=T #??? | | # ### #####+########## [ #??? | | # """ ## % %+%[=== #??? | | # """ ### #####+#### %# !* = #??? | | # """ #?#!#?# # * #=*=== #??? | | # #?#%#?# + ## #####??? | | #########+###?#%#?# ##### ####??????? | | " #????# #####%### """ #???# ########??? | | " #??### == !=+ """ #???# # ???? | | " #??#T# ##+### """ #?### # """" #??? | | #??" + # ###########T# # """" #??? | | #??### # #????????# %+ """" #??? | +----------------------------------------------------+ Best States ------------- Heat Dissipation 59 Energy Generation 14 Energy Capacity 280 Matter Stores 300 Matter Capacity 300 Sight Range 16 Terrain Scan Density 10 Armor Coverage 375 Resistance: TH 10 Core Shielding 20 Evasion (%) 55 Targeting Accuracy 5 Recoil Reduction 2 Item Schematics ----------------- None Robot Schematics ------------------ None Fabricated ------------ Nothing Repaired ---------- Nothing Alien Tech Used ----------------- None Achievements -------------- None Challenges ------------ None Game ------ Seed CompactAssaultWeb Manual? 0 Play Time 00:52:13 Cumulative 73.1 hours Start 2025.06.19 @ 08:52:43 End 2025.06.19 @ 10:57:28 Sessions 3 Manual Loads 0 Difficulty Rogue Special Mode None Game No. 68 Rogue 49 Adventurer 0 Explorer 19 Win Type - Total 0 Types 0/0/0/0/0/0/0/0/0/0 Lore% 53 Gallery% 43 Achievement% 68 Wizard Run 0 Options --------- Layout 1 ASCII 0 Keyboard 0 Movement Mouse Keybinds 0 Fullscreen 2 Font 16/SmallcapsGlow Map View 50x40 Zoom Use 0% Tactical HUD 1 Map Filters NONE Filters NONE Steam SD RUN: 86f71283-a5f7-428e-8684-912929fe8ab2